 Dungeon Crawl Stone Soup version 0.29-a0-722-g64f5989226 (webtiles) character file.

Game seed: 10936733107074471297

56 Bruhh the Conjurer (level 4, 0/30 HPs)
             Began as a Human Conjurer on June 28, 2022.
             Slain by a hound (4 damage)
             ... on level 1 of the Dungeon.
             The game lasted 00:02:03 (1788 turns).

Bruhh the Conjurer (Human Conjurer)                 Turns: 1788, Time: 00:02:03

Health: 0/30       AC:  2    Str:  8    XL:     4   Next: 15%
Magic:  4/8        EV: 12    Int: 20    God:
Gold:   15         SH:  0    Dex: 11    Spells: 6/9 levels left

rFire   . . .      SeeInvis .   h - +0 dagger (drain)
rCold   . . .      Faith    .   (no shield)
rNeg    . . .      Spirit   .   a - +0 robe
rPois   .          Reflect  .   (no helmet)
rElec   .          Harm     .   (no cloak)
rCorr   .          Rampage  .   (no gloves)
Will    .....                   (no boots)
Stlth   ++........              (no amulet)
HPRegen 0.10/turn               (no ring)
MPRegen 0.11/turn               (no ring)

@: very slightly contaminated
A: no striking features
a: no special abilities


You were on level 1 of the Dungeon.
You visited 1 branch of the dungeon, and saw 2 of its levels.

You collected 15 gold pieces.

Inventory:

Hand Weapons
 h - a +0 dagger of draining (weapon)
Armour
 a - a +0 robe (worn)
Jewellery
 f - a ring of protection from fire
Scrolls
 c - 2 scrolls of teleportation {unknown}
 e - a scroll of fog {unknown}
 j - 4 scrolls of identify {unknown}
 k - a scroll of vulnerability {unknown}
Potions
 d - a potion of curing {unknown}
 g - a potion of lignification {unknown}
 i - a potion of brilliance {unknown}


   Skills:
 - Level 2.0 Dodging
 - Level 2.0 Stealth
 + Level 3.0 Spellcasting
 + Level 4.7 Conjurations


You had 6 spell levels left.
You knew the following spells:

 Your Spells              Type           Power      Damage    Failure   Level
a - Magic Dart            Conj           88%        1d7       1%          1
b - Searing Ray           Conj           44%        2d6       3%          2

Your spell library contained the following spells:

 Spells                   Type           Power      Damage    Failure   Level
 Apportation              Tloc           6%         N/A       14%         1
 Necrotize                Necr           12%        1d4       14%         1
 Summon Small Mammal      Summ           12%        N/A       14%         1
 Dazzling Flash           Conj/Hex       24%        N/A       16%         3
 Fulminant Prism          Conj/Hex       6%         3d7       47%         4
 Iskenderun's Mystic Bla  Conj/Tloc      12%        2d5       47%         4


Dungeon Overview and Level Annotations

Branches:
Dungeon (2/15)

Altars:


Message History

Press: ? - help, Shift-Dir - straight line, f/p - orc
Aim: an orc, wielding a +0 hand axe (almost dead, 100% to hit)
The magic dart hits the orc.
You kill the orc!
The hound closely misses you.
Unknown command.
Magic courses through your body. The hound misses you.
The hound closely misses you.
Casting: Magic Dart (safe; 1% risk of failure)
Confirm with . or Enter, or press ? or * to list all spells.
Aiming: Magic Dart (safe; 1% risk of failure)
Press: ? - help, Shift-Dir - straight line, f - hound
Aim: a hound (100% to hit)
The magic dart hits the hound.
The hound is lightly wounded.
The hound barely misses you.
Casting: Magic Dart (safe; 1% risk of failure)
Confirm with . or Enter, or press ? or * to list all spells.
Aiming: Magic Dart (safe; 1% risk of failure)
Press: ? - help, Shift-Dir - straight line, f/p - hound
Aim: a hound (lightly wounded, 100% to hit)
You miscast Magic Dart.
You are very lightly contaminated with residual magic.
Nothing appears to happen.
The hound bites you.
* * * LOW HITPOINT WARNING * * *
The hound bites you.
* * * LOW HITPOINT WARNING * * *
Casting: Magic Dart (safe; 1% risk of failure)
Confirm with . or Enter, or press ? or * to list all spells.
Aiming: Searing Ray (safe; 3% risk of failure)
Press: ? - help, Shift-Dir - straight line, f/p - hound
Aim: a hound (lightly wounded, 69% to hit)
The searing ray hits the hound.
The hound is moderately wounded. (Press . to maintain the ray.)
The hound barely misses you.
The searing ray hits the hound!
The hound is severely wounded.
The hound barely misses you. The hound bites you.
You die...

..(..#..#..##...##.# ♣≈♣♣
..#........###.###.#
♣♣≈≈♣ ...÷##.)...# #.#
#.# ♣.≈♣♣ .......#...#
#.# #.# ♣♣♣♣♣♣≈P♣♣
.†.......#.###.#
#.###♣PP♣≈.≈≈P♣♣
.#.#.....#.#...#
#.##...≈.≈≈≈≈≈≈≈
##.........#####
#.##.P≈♣♣♣≈.≈♣♣≈
.#..##...#...#####.##.♣♣♣
♣♣≈P♣♣♣
.........#.#...h@).....♣♣
♣P≈♣♣#.
..#..##....#########(##.#
♣♣≈♣ ♣. ..####.....#
#.##.# ♣.♣ #.
.##.#.#....#
#######.##>##♣♣.♣ #.
.#.####.##.#
#...............# #)
..##...##.##
#.#####.##.###### ##
.......#.#####.# #.##.#
........##.#...## #.##.#
....[#.....#....## #.##.#


You could see a hound.

Vanquished Creatures
  An adder (D:2)
  3 orcs
  4 bats (D:1)
  2 endoplasms
  4 hobgoblins
  7 kobolds
  3 quokkas (D:1)
  6 ball pythons
  2 frilled lizards (D:1)
  6 goblins
  3 rats
41 creatures vanquished.

Notes
Turn   | Place    | Note
-------+----------+-------------------------------------------
     0 | D:1      | Bruhh the Human Conjurer began the quest for the Orb.
     0 | D:1      | Reached XP level 1. HP: 13/13 MP: 3/3
   240 | D:1      | Reached XP level 2. HP: 19/19 MP: 1/5
   760 | D:1      | Reached XP level 3. HP: 24/24 MP: 4/6
  1342 | D:2      | Learned a level 2 spell: Searing Ray
  1599 | D:2      | Reached XP level 4. HP: 30/30 MP: 6/8
  1788 | D:1      | Slain by a hound

Illustrated notes

Levels and vault maps discovered:
D:1:      matt_arrival_debris, layout_loops_ring, serial_bayou_crossing
D:2:      layout_loops_cross

Skill      XL: |  1  2  3  4 |
---------------+-------------+-----
Spellcasting   | 3 |  3.0
Dodging        | |  2.0
Stealth        | |  2.0
Conjurations   | |  4.7

Action                   |  1- 3 |  4- 6 || total
-------------------------+-------+-------++-------
Melee: Unarmed           |     4 |       ||     4
       Dagger            |     3 |       ||     3
 Cast: Magic Dart        |    66 |    14 ||    80
       Searing Ray       |       |     1 ||     1
  Use: Potion            |       |     1 ||     1
Armor: Robe              |     6 |     3 ||     9
Dodge: Dodged            |     9 |    13 ||    22

Table legend: (Time is in decaauts)
 A = Elapsed time spent in this place.
 B = Non-inter-level travel time spent in this place.
 C = Inter-level travel time spent in this place.
 D = Time resting spent in this place.
 E = Time spent auto-exploring this place.
 F = Levels seen in this place.
 G = Mean time per level.
                   A        B        C        D        E       F      G
               +--------+--------+--------+--------+--------+-----+--------+
         Total |   1793 |   1764 |     29 |      0 |   1545 |   2 |  896.5 |
       Dungeon |   1793 |   1764 |     29 |      0 |   1545 |   2 |  896.5 |
               +--------+--------+--------+--------+--------+-----+--------+

Top non-repeatable levels by time:
     D:1: 1330 daAuts
     D:2: 463 daAuts
